 Dungeon Crawl Stone Soup version 0.24-a0-698-g60d090ba07 (webtiles) character file.

7375 lilbarb the Frost Mage (level 11, 93/93 HPs)
             Began as a Naga Ice Elementalist on Oct 15, 2018.
             Was an Elder of Dithmenos.
             Quit the game on level 10 of the Dungeon on July 12, 2020.
             The game lasted 01:35:11 (12268 turns).

lilbarb the Frost Mage (Naga Ice Elementalist)     Turns: 12268, Time: 01:35:12

Health: 93/93      AC: 12    Str: 11    XL:     11   Next: 14%
Magic:  23/23      EV:  9    Int: 19    God:    Dithmenos [****..]
Gold:   437        SH:  4    Dex: 11    Spells: 14/26 levels left

rFire    . . .     SeeInvis +   a - +4 long sword
rCold    . . .     Gourm    .   D - +0 buckler
rNeg     . . .     Faith    .   y - +0 robe
rPois    +         Spirit   .   (no helmet)
rElec    .         Reflect  .   A - +0 cloak
rCorr    .         Harm     .   i - +0 pair of gloves
MR       +....                  K - +2 naga barding
Stlth    ++++......             (no amulet)
HPRegen  0.25/turn              (no ring)
MPRegen  0.18/turn              (no ring)

@: wreathed by umbra, very slow
A: large, see invisible, deformed body, poison resistance, slowness 2, slow
metabolism 1, spit poison 1, AC +3
a: Spit Poison, Shadow Step, Renounce Religion


You were on level 10 of the Dungeon.
You worshipped Dithmenos.
Dithmenos was greatly pleased with you.
You were not hungry.

You visited 1 branch of the dungeon, and saw 10 of its levels.

You collected 437 gold pieces.

Inventory:

Hand Weapons
 a - a +4 long sword (weapon)
 b - the +5 hunting sling "Xuci" {speed, rElec MR+}
   (You found it on level 4 of the Dungeon)

   Attacks with this weapon are significantly faster.
   It insulates you from electricity.
   It affects your resistance to hostile enchantments.
 F - a +1 dagger of venom
 L - a +0 blowgun
Missiles
 f - 12 curare-tipped darts
 g - 357 stones
 u - 17 poisoned darts
 w - 48 sling bullets
 E - 5 javelins (quivered)
Armour
 i - a +0 pair of gloves (worn)
 p - a cursed +0 shield
 y - a +0 robe (worn)
 A - a +0 cloak (worn)
 D - a +0 buckler (worn)
 K - a +2 naga barding (worn)
Jewellery
 B - a +5 ring of dexterity
Wands
 e - a wand of acid (8)
 x - a wand of iceblast (11)
 z - a wand of enslavement (23)
Scrolls
 d - 2 scrolls of magic mapping
 m - 4 scrolls of immolation
 q - 2 scrolls of fear
 r - 2 scrolls of remove curse
 t - 2 scrolls of teleportation
 v - a scroll of fog
 I - a scroll of amnesia
Potions
 h - 2 potions of haste
 j - 7 potions of curing
 k - a potion of invisibility
 l - a potion of agility
 n - a potion of lignification
 o - 3 potions of mutation
 s - a potion of flight {unknown}
 C - a potion of brilliance
 G - a potion of cancellation
 H - a potion of heal wounds {unknown}
Comestibles
 c - 15 rations
 J - 2 chunks of flesh


   Skills:
 * Level 4.9 Fighting
 + Level 3.4 Dodging
 - Level 6.0 Stealth
 - Level 2.4 Shields
 + Level 8.2 Spellcasting
 - Level 4.1 Conjurations
 - Level 4.0 Summonings
 + Level 10.9 Ice Magic


You had 14 spell levels left.
You knew the following spells:

 Your Spells              Type           Power        Failure   Level  Hunger
a - Freeze                Ice            ####         1%          1    None
b - Throw Frost           Conj/Ice       #####.       1%          2    None
c - Summon Ice Beast      Ice/Summ       #####...     4%          4    ###....
d - Throw Icicle          Conj/Ice       #####...     4%          4    ###....
e - Summon Butterflies    Summ           ###.....     1%          1    None

Your spell library contained the following spells:

 Spells                   Type           Power        Failure   Level  Hunger
 Ozocubu's Armour         Chrm/Ice       ####....     2%          3    None
 Summon Guardian Golem    Hex/Summ       ###.....     12%         3    None
 Ignite Poison            Fire/Tmut/Pois #.......     26%         3    None
 Alistair's Intoxication  Tmut/Pois      #.......     94%         5    #####..


Dungeon Overview and Level Annotations

Branches:
Dungeon (10/15)            Temple (0/1) D:6            Lair (0/6) D:9
    Orc: D:9-12

Altars:
Cheibriados
Dithmenos
Elyvilon
Fedhas
Gozag
Hepliaklqana
Kikubaaqudgha
Makhleb
Nemelex Xobeh
Okawaru
Qazlal
Sif Muna
Uskayaw
Vehumet
Yredelemnul
Zin

Shops:
D:4 =

Annotations:
D:1 exclusions: hobgoblin and 3 jackals
D:2 1 runed door, exclusion: downstairs
D:3 Grinder
D:8 exclusions: oklob plant and oklob sapling, Harold


Innate Abilities, Weirdness & Mutations

You cannot wear boots.
Your serpentine skin is tough. (AC +3)
You have supernaturally acute eyesight. (SInv)
Armour fits poorly on your strangely shaped body.
Your system is resistant to poisons. (rPois)
You cover ground very slowly.
You have a slow metabolism.
You can spit poison.


Message History

Some of the chunks of flesh in your inventory have rotted away.
Found a sparkling altar of Nemelex Xobeh.
w - 46 sling bullets (gained 1)
c - 15 rations (gained 1)
w - 48 sling bullets (gained 2)
You see here a cloak.
There is an open door here.
HP restored.
There is a stone staircase leading up here.
Unknown command.
Welcome back, lilbarb the Naga Ice Elementalist.
Dithmenos says: Spread the eternal night.
Press ? for a list of commands and other information.
Save game and exit?
Welcome back, lilbarb the Naga Ice Elementalist.
Dithmenos says: Spread the eternal night.
Press ? for a list of commands and other information.
Quiver which item? (- for none, * to show all) (? for menu, Esc to quit)
Okay, then.
Are you sure you want to abandon this character and quit the game? (Confirm with "yes".)

#.[#.....#...#.........
#..#.....#####.........
######..#...........######..
........#...........# #..
........#...........# #..
........#...........# #..
........'...........######..
........#...................
........#..@..............÷.
........#...................
........#>..............###+
........#...............# .(
######..#............÷..#...
#..#...............'...
##########+#....#... #....#
## #.....


There were no monsters in sight!

Vanquished Creatures
  Pikel (D:6)
  2 komodo dragons
  2 hornets (D:8)
  2 wyverns (D:9)
  A human (D:7)
  Eustachio (D:6)
  Menkaure (D:6)
  A soldier ant (D:10)
  A water moccasin (D:8)
  An acid dragon (D:10)
  2 porcupines (D:9)
  A black bear (D:9)
  2 ice beasts
  An orc warrior (D:9)
  A phantom (D:6)
  A sky beast (D:9)
  An ogre (D:6)
  A crocodile (D:9)
  2 centaurs
  5 scorpions
  9 wights (D:8)
  4 killer bees (D:8)
  2 howler monkeys
  3 crimson imps
  A bullfrog zombie (D:8)
  4 jellies
  5 orc wizards
  6 hounds
  7 orc priests
  3 centaur skeletons
  An iguana (D:5)
  5 worker ants
  3 gnolls (D:4)
  14 adders
  An ooze (D:2)
  3 adder zombies
  2 adder skeletons (D:4)
  2 worms (D:2)
  A dart slug (D:1)
  4 leopard geckos
  21 orcs
  3 giant cockroaches
  6 goblins
  5 hobgoblins
  6 jackals
  3 quokkas
  4 ball pythons
  3 bats
  A frilled lizard (D:1)
  4 kobolds
  2 leopard gecko zombies
  3 rats
  A plant (D:9)
172 creatures vanquished.

Vanquished Creatures (collateral kills)
  A two-headed ogre (D:8)
  3 hogs (D:7)
  3 hungry ghosts
  7 yaks
  An ice beast (D:8)
  A slave (D:6)
  A black bear (D:8)
  A phantom (D:10)
  A centaur (D:8)
  Blork the orc (D:6)
  2 bullfrogs (D:9)
  A hound (D:8)
  A hound skeleton (D:8)
  An orc (D:8)
  3 jackals
28 creatures vanquished.

Vanquished Creatures (others)
  An ice beast (D:6)
  A black bear (D:6)
  A slave (D:6)
  An ogre (D:6)
  An orc (D:6)
  10 bushes
  27 fungi (D:9)
  12 plants
54 creatures vanquished.

Grand Total: 254 creatures vanquished

Notes
Turn   | Place    | Note
-------+----------+-------------------------------------------
     0 | D:1      | lilbarb the Naga Ice Elementalist began the quest for the
                  | Orb.
     0 | D:1      | Reached XP level 1. HP: 15/15 MP: 3/3
   282 | D:2      | Found a shadowy altar of Dithmenos.
   500 | D:2      | Became a worshipper of Dithmenos the Shadowed
   516 | D:1      | Reached XP level 2. HP: 15/22 MP: 0/5
  1257 | D:2      | Found a runed door.
  1348 | D:2      | Learned a level 2 spell: Throw Frost
  1568 | D:2      | Reached XP level 3. HP: 21/28 MP: 2/6
  1769 | D:2      | Found a basalt altar of Yredelemnul.
  2399 | D:2      | Noticed a scorpion
  2410 | D:2      | Killed a scorpion
  2410 | D:2      | Reached skill level 4 in Ice Magic
  2410 | D:2      | Reached XP level 4. HP: 24/36 MP: 0/8
  2565 | D:2      | Found a snail-covered altar of Cheibriados.
  2885 | D:3      | Reached XP level 5. HP: 42/42 MP: 9/9
  2886 | D:3      | Noticed Grinder
  2903 | D:3      | Found a faded altar of an unknown god.
  2929 | D:3      | Learned a level 4 spell: Summon Ice Beast
  3455 | D:4      | Reached skill level 5 in Stealth
  3455 | D:4      | Reached skill level 1 in Summonings
  3472 | D:4      | Reached XP level 6. HP: 49/49 MP: 6/10
  3506 | D:4      | Reached skill level 5 in Ice Magic
  3709 | D:4      | Got a warped hunting sling
  3710 | D:4      | Identified the +5 hunting sling "Xuci" {speed, rElec MR+}
                  | (You found it on level 4 of the Dungeon)
  3718 | D:4      | Found an opulent altar of Gozag.
  3760 | D:4      | Reached * piety under Dithmenos
  3812 | D:4      | Found Ymeaman's Jewellery Boutique.
  4014 | D:4      | Found a glowing silver altar of Zin.
  4370 | D:5      | Entered Level 5 of the Dungeon
  4414 | D:5      | Reached XP level 7. HP: 51/55 MP: 9/12
  4506 | D:5      | Found a white marble altar of Elyvilon.
  4606 | D:5      | Found a blossoming altar of Fedhas.
  4967 | D:3      | Found a radiant altar of Vehumet.
  4967 | D:3      | Found a hide-covered altar of Uskayaw.
  4979 | D:3      | Found a stormy altar of Qazlal.
  5073 | D:6      | Found a burning altar of Makhleb.
  5168 | D:6      | Noticed Eustachio
  5242 | D:6      | Found a staircase to the Ecumenical Temple.
  5300 | D:6      | Reached skill level 6 in Ice Magic
  5519 | D:6      | Reached XP level 8. HP: 62/62 MP: 12/14
  5519 | D:6      | Noticed Pikel
  5555 | D:6      | Killed Pikel
  5555 | D:6      | Reached skill level 7 in Ice Magic
  5608 | D:6      | Killed Eustachio
  5608 | D:6      | Reached skill level 5 in Spellcasting
  5651 | D:6      | Noticed Blork the orc
  5657 | D:6      | Killed Blork the orc
  5657 | D:6      | Reached skill level 8 in Ice Magic
  5882 | D:6      | Reached ** piety under Dithmenos
  5897 | D:6      | Upgraded the game from 0.23-a0-321-g6bcb69f to
                  | 0.23-a0-375-g66a18ee
  5996 | D:6      | Reached XP level 9. HP: 68/68 MP: 12/17
  6002 | D:6      | Learned a level 4 spell: Throw Icicle
  6052 | D:6      | Noticed Menkaure
  6552 | D:7      | Reached skill level 9 in Ice Magic
  7017 | D:6      | Killed Menkaure
  7140 | D:7      | Found an ancient bone altar of Kikubaaqudgha.
  7196 | D:7      | Found an iron altar of Okawaru.
  7198 | D:7      | Found a deep blue altar of Sif Muna.
  7198 | D:7      | Found a hazy altar of Hepliaklqana.
  7407 | D:8      | Noticed a two-headed ogre
  7419 | D:8      | Killed a two-headed ogre
  7419 | D:8      | Reached skill level 1 in Shields
  7722 | D:8      | Reached skill level 10 in Ice Magic
  7830 | D:8      | Reached XP level 10. HP: 58/75 MP: 5/20
  8923 | D:8      | Reached *** piety under Dithmenos
  9460 | D:8      | Noticed Harold
  9543 | D:9      | Reached skill level 1 in Fighting
 10346 | D:8      | Found a blossoming altar of Fedhas.
 10351 | D:8      | Noticed an oklob plant
 10705 | D:9      | Found a staircase to the Lair.
 11152 | D:9      | Identified the Papyrus of the Shifting Entourage
 11156 | D:9      | Learned a level 1 spell: Summon Butterflies
 11716 | D:10     | Entered Level 10 of the Dungeon
 11792 | D:10     | Reached **** piety under Dithmenos
 11793 | D:10     | Reached XP level 11. HP: 91/92 MP: 7/23
 12229 | D:10     | Found a sparkling altar of Nemelex Xobeh.
 12268 | D:10     | Upgraded the game from 0.23-a0-375-g66a18ee to
                  | 0.24-a0-698-g60d090ba07
 12268 | D:10     | Quit the game

Levels and vault maps discovered:
D:1:      dpeg_arrival_stonehenge_8_columns, minmay_misc_feat_columns
D:2:      lemuel_doored_altar, general_overflow_altar, grunt_dithmenos_smoke,
          first_ration, hangedman_feature_mirror, kennysheep_boxes,
          uniq_crazy_yiuf_cottage
D:3:      gammafunk_temple_overflow_claw, nicolae_overflow_crystal_walls,
          chequers_ecumenical_altar_simple, uniq_grinder
D:4:      kennysheep_six_static_rooms, zin_academy, overflow_temple_1_default,
          serial_shops, shop_statue, due_unseen_surprise
D:5:      nicolae_overflow_hidden_temple, old_standard_altar
D:6:      minmay_temple_entry_junction, minmay_hedge_maze, bloody_makhleb,
          uniq_menkaure, uniq_blork_the_orc, uniq_eustachio, uniq_pikel
D:7:      kennysheep_mini_moat, grunt_temple_overflow_open, grunt_livestock,
          minmay_splitting_lines
D:8:      introduction_to_nature_2, uniq_harold
D:9:      due_lair_maze_entry_diamond
D:10:     minmay_ruined_shrine, uniq_sonja, uniq_erolcha

Skill      XL: |  1  2  3  4  5  6  7  8  9 10 |
---------------+-------------------------------+-----
Stealth        | 4 5 6 |  6.0
Ice Magic      | 4 5 6 8 10 | 10.9
Spellcasting   | 3 4 5 6 8 |  8.2
Summonings     | 1 2 4 |  4.0
Shields        | 2 |  2.4
Conjurations   | 3 4 |  4.1
Fighting       | 4 |  4.9
Dodging        | 3 |  3.4

Action                   |  1- 3 |  4- 6 |  7- 9 | 10-12 || total
-------------------------+-------+-------+-------+-------++-------
Melee: Spear             |    28 |     8 |       |       ||    36
       Flail             |       |     3 |    44 |       ||    47
       Long sword        |       |       |     5 |    53 ||    58
       Dagger            |       |       |       |     3 ||     3
 Fire: Hunting sling     |       |    40 |   105 |   111 ||   256
Throw: Stone             |    27 |    11 |       |       ||    38
       Javelin           |       |       |    13 |     6 ||    19
 Cast: Freeze            |    37 |    34 |    58 |    76 ||   205
       Throw Frost       |     7 |     6 |     7 |    25 ||    45
       Summon Ice Beast  |       |       |    13 |    25 ||    38
       Throw Icicle      |       |       |     7 |    20 ||    27
 Abil: Spit Poison       |    15 |    12 |     7 |    10 ||    44
Evoke: Wand              |       |       |     6 |     2 ||     8
  Use: Scroll            |       |     9 |    13 |     5 ||    27
       Potion            |       |       |     1 |     1 ||     2
 Stab: Sleeping          |     1 |     1 |       |     1 ||     3
  Eat: Chunk             |     5 |     6 |     5 |    12 ||    28
       Ration            |       |       |     2 |     2 ||     4
Armor: Robe              |     6 |     4 |    35 |    51 ||    96
       Skin              |       |       |     3 |       ||     3
Dodge: Dodged            |    14 |    18 |    62 |    63 ||   157
Block: Buckler           |       |       |       |    18 ||    18
       Rpst.: Long sword |       |       |     1 |     8 ||     9

Table legend:
 A = Non-vault XP
 B = Vault XP
 C = Vault XP percentage of total XP
 D = Non-vault monster count
 E = Vault monster count
 F = Vault count percentage of total count
                 A         B        C        D         E       F
            +---------+---------+-------+---------+---------+-------
      Total |    7162 |    3374 |  32.0 |     161 |      39 |  19.5
            +---------+---------+-------+---------+---------+-------
        D:1 |      14 |       0 |   0.0 |       7 |       0 |   0.0
        D:2 |     123 |       3 |   2.4 |      16 |       2 |  11.1
        D:3 |      90 |       0 |   0.0 |      13 |       0 |   0.0
        D:4 |     250 |      87 |  25.8 |      15 |       3 |  16.7
        D:5 |     227 |       0 |   0.0 |       6 |       0 |   0.0
        D:6 |     838 |    1046 |  55.5 |      24 |       4 |  14.3
        D:7 |     184 |     589 |  76.2 |       7 |       5 |  41.7
        D:8 |    2294 |     760 |  24.9 |      32 |      12 |  27.3
        D:9 |    1797 |     651 |  26.6 |      28 |       8 |  22.2
       D:10 |    1345 |     238 |  15.0 |      13 |       5 |  27.8
            +---------+---------+-------+---------+---------+-------
